 Dungeon Crawl Stone Soup version 0.26-a0-639-g72c4674329 (webtiles) character file.

Game seed: 1934625096063339792

6047 Iscandelvey the Destroyer (level 11, -4/68 HPs)
             Began as a Human Conjurer on Sept 21, 2020.
             Was a Priest of Vehumet.
             Killed from afar by an acid dragon (8 damage)
             ... with a splash of acid
             ... on level 11 of the Dungeon.
             The game lasted 00:48:20 (12656 turns).

Iscandelvey the Destroyer (Human Conjurer)         Turns: 12656, Time: 00:48:21

Health: -4/68      AC: 13    Str:  8    XL:     11   Next: 11%
Magic:  20/21      EV: 12    Int: 22    God:    Vehumet [***...]
Gold:   643        SH:  0    Dex: 11    Spells: 21/24 levels left

rFire    . . .     SeeInvis .   R - +0 scimitar (flame)
rCold    . . .     Faith    .   (no shield)
rNeg     . . .     Spirit   .   o - +3 ring mail
rPois    .         Reflect  .   p - +0 helmet
rElec    .         Harm     .   T - +0 cloak (curse)
rCorr    .         Rampage  .   y - +0 pair of gloves
MR       +....                  (no boots)
Stlth    ++........             (no amulet)
HPRegen  0.21/turn              (no ring)
MPRegen  0.17/turn              f - ring of protection from magic

@: no status effects
A: no striking features
a: Renounce Religion


You were on level 11 of the Dungeon.
You worshipped Vehumet.
Vehumet was most pleased with you.
You visited 2 branches of the dungeon, and saw 12 of its levels.
You also visited: Sewer.

You collected 643 gold pieces.

Inventory:

Hand Weapons
 c - a +0 short sword
 e - a +0 hunting sling
 h - a +1 whip of draining
 C - a +1 short sword of speed
 N - a +0 whip of electrocution
 R - a +0 scimitar of flaming (weapon)
 V - a cursed +6 dagger
 W - a cursed +2 dagger of freezing
Missiles
 d - 225 stones (quivered)
 i - 237 arrows
 s - 9 boomerangs
 w - a throwing net
 Y - 13 poisoned darts
Armour
 o - a +3 ring mail (worn)
 p - a +0 helmet (worn)
 y - a +0 pair of gloves (worn)
 P - a +0 buckler
 T - a cursed +0 cloak (worn)
Jewellery
 f - a ring of protection from magic (right hand)
 l - an uncursed amulet of faith {unknown}
 S - a +6 ring of strength {unknown}
 Z - an uncursed amulet of guardian spirit {unknown}
Wands
 n - a wand of flame (47)
 E - a wand of digging (8)
 J - a wand of polymorph (14)
 L - a wand of random effects (34)
 M - a wand of acid (4)
 O - a wand of paralysis (7)
Scrolls
 b - 2 scrolls of noise
 j - 6 scrolls of remove curse
 k - 5 scrolls of teleportation
 m - 4 scrolls of immolation
 q - 2 scrolls of fog
 r - 2 scrolls of blinking
 t - 2 scrolls of enchant weapon
 B - 2 scrolls of enchant armour
 F - 2 scrolls of amnesia
 G - 2 scrolls of magic mapping
 K - 3 scrolls of identify
 X - 2 scrolls of random uselessness {unknown}
Potions
 a - a potion of haste {unknown}
 g - a potion of berserk rage {unknown}
 u - 4 potions of might
 v - 6 potions of curing {unknown}
 x - 2 potions of degeneration {unknown}
 z - a potion of flight {unknown}
 A - 4 potions of magic {unknown}
 D - 2 potions of resistance {unknown}
 H - 2 potions of ambrosia {unknown}
 I - a potion of brilliance {unknown}
 Q - 2 potions of invisibility {unknown}
 U - 2 potions of stabbing {unknown}


   Skills:
 - Level 3.6 Throwing
 + Level 6.3 Armour
 + Level 5.6 Dodging
 + Level 6.2 Stealth
 * Level 5.0 Shields
 * Level 7.1 Spellcasting
 * Level 8.7 Conjurations


You had 21 spell levels left.
You knew the following spells:

 Your Spells              Type           Power        Failure   Level
a - Magic Dart            Conj           ####         1%          1
b - Searing Ray           Conj           #####.       1%          2

Your spell library contained the following spells:

 Spells                   Type           Power        Failure   Level
 Sticky Flame             Conj/Fire      ####....     10%         4
 Dazzling Flash           Conj/Hex       ####..       3%          3
 Fulminant Prism          Conj/Hex       ####......   10%         4
 Iskenderun's Mystic Bla  Conj/Tloc      ####....     10%         4
 Corona                   Hex            #......      22%         1
 Ensorcelled Hibernation  Hex/Ice        #.....       32%         2
 Confusing Touch          Hex            #.......     54%         3
 Gell's Gravitas          Tloc           #.........   54%         3
 Tukima's Dance           Hex            #.......     54%         3
 Yara's Violent Unravell  Hex/Tmut       #.........   80%         5
 Petrify                  Tmut/Erth      #.......     91%         4
 Metabolic Englaciation   Hex/Ice        #.........   99%         5


Dungeon Overview and Level Annotations

Branches:
Dungeon (11/15)            Temple (1/1) D:5            Lair (0/6) D:11
  Sewer (visited)
    Orc: D:9-12

Altars:
Ashenzari
Cheibriados
Dithmenos
Elyvilon
Fedhas
Gozag
Hepliaklqana
Kikubaaqudgha
Makhleb
Nemelex Xobeh
Okawaru
Qazlal
Ru
Sif Muna
Trog
Uskayaw
Vehumet
Wu Jian
Xom
Yredelemnul
Zin
The Shining One

Shops:
D:4 !   D:7 [

Portals:
Bailey: D:11


Message History

The acid dragon spits acid at you. The splash of acid misses you.
You hear a screech!
You hear a roar!
Found a wand of digging (3) and 16 sling bullets.
As you read the scroll of fog, it crumbles to dust.
The scroll dissolves into smoke.
You carefully extract the barbed spikes from your body.
A gargoyle comes into view. It is wielding a -1 morningstar.
Okay, then.
The acid dragon misses you.
You riposte.
You closely miss the acid dragon. The acid dragon barely misses you.
You closely miss the acid dragon. The acid dragon barely misses you.
You riposte.
You closely miss the acid dragon.
The acid dragon claws you but does no damage.
A hippogriff comes into view.
You barely miss the acid dragon. The acid dragon closely misses you.
The acid dragon claws you but does no damage.
The acid dragon spits acid at you. The splash of acid hits you!
You die...

*,,,,,,,,,,,,,,,,,*******,,,,,,+,
*,,,,,,,,,,.......# *,,,,,,*,
*,,,,,,,,,,,......# *,,,,,,*,
,,,,,*******#.....# *,,,,,,+,
,,,,,* #H....#######,,,,,,**
,,,,,* #......(.....,,,,>,,,
,,,,,* #..§§§§......,,,,,,,,
,,,,,* #§§§§§§§.../.,,,,,,,,
,,,,,*******#§§D@§9......,,,,***+
*,,,,,,,.....§§§§§§......*****,,,
*,,,,,,,,.....§§§§§...9..*,,,,,,,
*,,,,,,,,.......###+###..*,,,,,,,
*,,,,,,,,.......#,,,,,*,.*,,,,,,,
,,,,,,,,,.......#,,,,,#..*,,,,,,,
,,,,,****####...#,,,,,#..#,,,,,,,
,,,,,*,,,,,,#...##,,,,#..########
,,,,,*,,,,,,#....#,,,,+..........


You could see a hippogriff, an acid dragon (catching breath) and a gargoyle.

Vanquished Creatures
  A two-headed ogre (D:9)
  Erica (D:8)
  Maurice (D:8)
  A centaur zombie (D:10)
  A troll (D:9)
  A wyvern (D:10)
  A wraith (D:10)
  An acid dragon (D:8)
  A water moccasin (D:7)
  A sky beast (D:9)
  2 black bears
  2 orc warriors (D:6)
  A hornet zombie (D:5)
  3 ice beasts
  A necrophage (D:11)
  2 phantoms
  An ogre (D:8)
  A big kobold (D:7)
  2 bullfrogs
  A wyvern zombie (D:10)
  3 scorpions
  A water moccasin skeleton (D:8)
  9 wights (D:9)
  6 howler monkeys
  3 hounds
  2 jellies
  3 orc priests
  A bullfrog skeleton (D:10)
  12 orc wizards
  Jessica (D:2)
  Natasha (thrice) (D:2)
  6 worker ants
  A hound zombie (D:7)
  2 hound skeletons (D:7)
  9 adders
  2 river rats
  2 shadow imps
  3 white imps
  2 ufetubi
  2 oozes (D:5)
  An adder zombie (D:10)
  A worm (D:2)
  2 dart slugs
  4 leopard geckos
  29 orcs
  7 ball pythons
  7 giant cockroaches
  4 goblins
  10 hobgoblins
  13 jackals
  7 bats
  7 frilled lizards
  A giant cockroach zombie (D:5)
  A jackal skeleton (D:5)
  16 kobolds
  2 leopard gecko zombies
  20 rats
231 creatures vanquished.

Vanquished Creatures (others)
  A jackal (D:7)
  21 plants (D:1)
22 creatures vanquished.

Grand Total: 253 creatures vanquished

Notes
Turn   | Place    | Note
-------+----------+-------------------------------------------
     0 | D:1      | Iscandelvey the Human Conjurer began the quest for the Orb.
     0 | D:1      | Reached XP level 1. HP: 13/13 MP: 3/3
   131 | D:1      | Reached XP level 2. HP: 10/19 MP: 0/5
   705 | D:1      | Learned a level 2 spell: Searing Ray
   838 | D:1      | Reached XP level 3. HP: 20/24 MP: 2/6
  1526 | D:2      | Noticed Natasha
  1981 | D:2      | Reached XP level 4. HP: 30/30 MP: 3/7
  2081 | D:2      | Noticed Jessica
  2083 | D:2      | Killed Jessica
  2083 | D:2      | Reached skill level 1 in Throwing
  2083 | D:2      | Reached skill level 1 in Armour
  2363 | D:3      | Reached XP level 5. HP: 35/35 MP: 3/9
  2579 | D:3      | Found an ornate altar of the Wu Jian Council.
  2802 | D:3      | Found a stormy altar of Qazlal.
  2899 | D:3      | Found a shattered altar of Ashenzari.
  3013 | D:3      | Reached XP level 6. HP: 41/41 MP: 10/10
  3227 | D:2      | Killed Natasha
  3227 | D:2      | Reached skill level 5 in Conjurations
  3232 | D:2      | Noticed Natasha
  3243 | D:2      | Killed Natasha
  3683 | D:2      | Noticed Natasha
  3690 | D:2      | Killed Natasha
  4118 | D:4      | Found a hazy altar of Hepliaklqana.
  4267 | D:4      | Found Ricocsie's Distillery.
  4430 | D:4      | Noticed a phantom
  4447 | D:4      | Killed a phantom
  4447 | D:4      | Reached XP level 7. HP: 46/46 MP: 0/12
  4746 | D:5      | Entered Level 5 of the Dungeon
  4749 | D:5      | Found a staircase to the Ecumenical Temple.
  4759 | Temple   | Entered the Ecumenical Temple
  4944 | Temple   | Became a worshipper of Vehumet
  6160 | D:5      | Reached XP level 8. HP: 52/52 MP: 6/14
  6618 | D:6      | Reached skill level 6 in Conjurations
  6699 | D:6      | Found a shadowy altar of Dithmenos.
  6789 | D:6      | Found a glowing drain.
  6803 | Sewer    | Entered a sewer
  6814 | Sewer    | Reached * piety under Vehumet
  6814 | Sewer    | Offered knowledge of Freeze by Vehumet.
  7654 | D:7      | Found a snail-covered altar of Cheibriados.
  7654 | D:7      | Found Cheibriados's Comfort Zone.
  7822 | D:7      | Reached XP level 9. HP: 52/57 MP: 2/16
  7829 | D:7      | Offered knowledge of Foxfire by Vehumet.
  7849 | D:7      | Reached ** piety under Vehumet
  8111 | D:7      | Found a blossoming altar of Fedhas.
  8233 | D:7      | Found an opulent altar of Gozag.
  8261 | D:7      | Reached skill level 5 in Spellcasting
  8669 | D:6      | Reached skill level 5 in Armour
  8753 | D:6      | Reached skill level 7 in Conjurations
  9090 | D:8      | Noticed Erica
  9330 | D:8      | Reached skill level 1 in Shields
  9415 | D:8      | Killed Erica
  9415 | D:8      | Reached skill level 5 in Stealth
  9415 | D:8      | Reached XP level 10. HP: 63/63 MP: 7/18
  9532 | D:8      | Found an iron altar of Okawaru.
  9533 | D:8      | Noticed Maurice
  9544 | D:8      | Killed Maurice
  9982 | D:8      | Noticed a two-headed ogre
 10107 | D:9      | Noticed a two-headed ogre
 10116 | D:9      | Killed a two-headed ogre
 10116 | D:9      | Reached skill level 5 in Dodging
 10116 | D:9      | Reached skill level 8 in Conjurations
 10352 | D:9      | Offered knowledge of Ignite Poison by Vehumet.
 10750 | D:9      | Reached *** piety under Vehumet
 11469 | D:10     | Entered Level 10 of the Dungeon
 11819 | D:10     | Reached XP level 11. HP: 67/68 MP: 17/21
 12042 | D:10     | Offered knowledge of Sticky Flame by Vehumet.
 12634 | D:11     | Reached skill level 5 in Shields
 12638 | D:11     | Found a flagged portal.
 12643 | D:11     | Noticed a manticore
 12646 | D:11     | Noticed a manticore
 12648 | D:11     | HP: 3/68 [manticore (9)]
 12656 | D:11     | Killed from afar by an acid dragon

Illustrated notes

Levels and vault maps discovered:
D:1:      roderic_dead_forest, layout_loops_ring, serial_bayou_lake_a
D:2:      layout_basic, uniq_jessica, uniq_natasha
D:3:      layout_loops_ring, lemuel_crystal_altar, lemuel_round_altar,
          grunt_qazlal_clouds
D:4:      layout_loops_ring, lemuel_crystal_altar, serial_shops, shop_fountains
D:5:      layout_loops_ring, minmay_temple_entry_antechambers
D:6:      minmay_spotlight, layout_cave_pods, grunt_dithmenos_smoke,
          portal_sewer_entry_a, minivault_24
D:7:      layout_rooms, old_standard_altar, grunt_gozag_statues,
          minmay_shop_chei
D:8:      layout_basic, okawaru_metal_pillars_1_2, uniq_erica, uniq_maurice
D:9:      layout_loops_cross
D:10:     layout_roguey
D:11:     layout_irregular_city, lair_entry_dummy, enter_bailey_6,
          minmay_misc_feat_pillars
Temple:   eino_narrow_crystal_temple

Skill      XL: |  1  2  3  4  5  6  7  8  9 10 11 |
---------------+----------------------------------+-----
Throwing       | 1 2 3 |  3.6
Armour         | 1 2 3 4 5 6 |  6.3
Spellcasting   | 3 4 5 7 |  7.1
Conjurations   | 5 6 7 8 |  8.7
Stealth        | 3 4 5 6 |  6.2
Dodging        | 3 4 5 |  5.6
Shields        | 2 4 5 |  5.0

Action                   |  1- 3 |  4- 6 |  7- 9 | 10-12 || total
-------------------------+-------+-------+-------+-------++-------
Melee: Short sword       |    28 |       |       |       ||    28
       Whip              |    25 |   117 |   242 |       ||   384
       Scimitar          |       |       |       |    69 ||    69
Throw: Stone             |     6 |     2 |       |       ||     8
 Cast: Magic Dart        |    38 |    19 |    23 |     5 ||    85
       Searing Ray       |     5 |    12 |    41 |    38 ||    96
  Use: Scroll            |       |     1 |     8 |     7 ||    16
 Stab: Sleeping          |     1 |     1 |     4 |     2 ||     8
       Distracted        |       |       |     1 |       ||     1
Armor: Robe              |    27 |       |       |       ||    27
       Ring mail         |       |    66 |   150 |    67 ||   283
Dodge: Dodged            |    71 |    69 |   188 |    90 ||   418
       Rpst.: Scimitar   |       |       |       |    23 ||    23

Table legend: (Time is in decaauts)
 A = Elapsed time spent in this place.
 B = Non-inter-level travel time spent in this place.
 C = Inter-level travel time spent in this place.
 D = Time resting spent in this place.
 E = Time spent auto-exploring this place.
 F = Levels seen in this place.
 G = Mean time per level.
                   A        B        C        D        E       F      G
               +--------+--------+--------+--------+--------+-----+--------+
         Total |  12839 |  11699 |   1140 |   3745 |   5195 |  13 |  987.6 |
       Dungeon |  12140 |  11033 |   1107 |   3695 |   5000 |  11 | 1103.6 |
        Temple |    193 |    160 |     33 |      0 |    159 |   1 |  193.0 |
         Sewer |    505 |    505 |      0 |     50 |     36 |   1 |  505.0 |
               +--------+--------+--------+--------+--------+-----+--------+

Top non-repeatable levels by time:
     D:1: 1725 daAuts
     D:5: 1527 daAuts
     D:9: 1476 daAuts
     D:6: 1409 daAuts
     D:2: 1354 daAuts
     D:3: 972 daAuts
    D:10: 921 daAuts
     D:8: 892 daAuts
     D:7: 815 daAuts
     D:4: 752 daAuts
   Sewer: 505 daAuts
    D:11: 293 daAuts
  Temple: 193 daAuts
